 Dungeon Crawl Stone Soup version 0.29-a0-330-g52719c12eb (webtiles) character file.

Game seed: 1252244034334153214

1342 tilp the Conjurer (level 8, -3/66 HPs)
             Began as a Grey Draconian Hedge Wizard on May 18, 2022.
             Was a Believer of Sif Muna.
             Killed from afar by a steam dragon (23 damage)
             ... with a ball of steam
             ... on level 6 of the Dungeon.
             The game lasted 00:11:08 (5241 turns).

tilp the Conjurer (Grey Draconian Hedge Wizard)     Turns: 5241, Time: 00:11:09

Health: -3/66      AC: 13    Str: 12    XL:     8   Next: 35%
Magic:  14/14      EV: 13    Int: 17    God:    Sif Muna [**....]
Gold:   229        SH:  0    Dex: 17    Spells: 9/15 levels left

rFire   . . .      SeeInvis +   a - +0 lajatang (speed)
rCold   . . .      Faith    .   (shield currently unavailable)
rNeg    . . .      Spirit   .   (body armour unavailable)
rPois   .          Reflect  .   o - +0 hat
rElec   .          Harm     .   p - +0 cloak
rCorr   .          Rampage  .   (no gloves)
Will    .....                   D - +0 pair of boots
Stlth   ++........              t - amulet of regeneration
HPRegen 1.01/turn               k - +6 ring of dexterity
MPRegen 0.14/turn               x - ring of see invisible

@: no status effects
A: AC +11, amphibious, unfitting armour, cold-blooded
a: Renounce Religion, Channel Magic


You were on level 6 of the Dungeon.
You worshipped Sif Muna.
Sif Muna was pleased with you.
You visited 1 branch of the dungeon, and saw 6 of its levels.

You collected 379 gold pieces.
You spent 150 gold pieces at shops.

Inventory:

Hand Weapons
 a - a +0 lajatang of speed (weapon)
 b - a +2 quarterstaff of venom
 h - a +0 mace
 n - a +0 dagger
Missiles
 s - 10 boomerangs (quivered)
 A - 2 javelins
 C - 9 boomerangs of dispersal
 G - 2 poisoned darts
Armour
 g - a +0 kite shield
 o - a +0 hat (worn)
 p - a +0 cloak (worn)
 D - a +0 pair of boots (worn)
Jewellery
 j - an amulet of guardian spirit
 k - a +6 ring of dexterity (left hand)
 m - an amulet of the acrobat
 t - an amulet of regeneration (around neck)
 x - a ring of see invisible (right hand)
Wands
 i - a wand of polymorph (3)
 v - a wand of mindburst (13)
 y - a wand of iceblast (13)
Scrolls
 e - a scroll of vulnerability
 q - 4 scrolls of amnesia
 u - 2 scrolls of fog
 E - a scroll of identify
Potions
 c - a potion of magic
 d - 2 potions of brilliance
 f - a potion of heal wounds
 l - 3 potions of flight
 r - a potion of mutation
 w - 2 potions of lignification
 z - 2 potions of curing
 B - a potion of invisibility {unknown}
 F - a potion of cancellation


   Skills:
 + Level 3.6 Fighting
 * Level 3.5 Staves
 + Level 2.7 Dodging
 + Level 2.8 Stealth
 * Level 4.0 Spellcasting
 * Level 4.9 Conjurations
 - Level 2.0 Hexes
 - Level 1.0 Summonings
 * Level 3.5 Translocations
 + Level 1.9 Invocations
 * Level 2.6 Evocations


You had 9 spell levels left.
You knew the following spells:

 Your Spells              Type           Power      Damage    Failure   Level
a - Magic Dart            Conj           80%        1d7       1%          1
b - Slow                  Hex            40%        N/A       7%          1
c - Blink                 Tloc           30%        N/A       5%          2
d - Searing Ray           Conj           40%        2d5       3%          2

Your spell library contained the following spells:

 Spells                   Type           Power      Damage    Failure   Level
 Call Imp                 Summ           6%         N/A       16%         2
 Conjure Flame            Conj/Fire      11%        6-21      17%         3
 Scorch                   Fire           6%         2d5       24%         2
 Mephitic Cloud           Conj/Pois/Air  9%         N/A       24%         3
 Fulminant Prism          Conj/Hex       7%         3d7       36%         4
 Flame Wave               Conj/Fire      11%        2d5       50%         4
 Summon Cactus Giant      Summ           3%         N/A       100%        6


Dungeon Overview and Level Annotations

Branches:
Dungeon (6/15)             Temple (0/1) D:6

Altars:
Kikubaaqudgha
Nemelex Xobeh
Sif Muna
Xom

Shops:
D:4 =


Innate Abilities, Weirdness & Mutations

Your dull iron-grey scales are very hard. (AC +11)
You are amphibious.
You cannot fit into any form of body armour.
You are cold-blooded and may be slowed by cold attacks.


Message History

You hit the steam dragon.
Your tail-slap misses the steam dragon.
The steam dragon is moderately wounded.
The steam dragon breathes steam at you. The ball of steam hits you!
Unknown command.
You are too injured to fight recklessly!
Unknown command.
You are too injured to fight recklessly!
You are too injured to fight recklessly!
Unknown command.
You are too injured to fight recklessly!
The steam dragon barely misses you. The steam dragon misses you.
You barely miss the steam dragon.
The steam dragon is moderately wounded.
The steam dragon bites you but does no damage.
The steam dragon closely misses you.
You hit the steam dragon.
Your tail-slap misses the steam dragon.
The steam dragon is moderately wounded.
You are engulfed in a cloud of scalding steam.
* * * LOW HITPOINT WARNING * * *
The steam dragon bites you!
* * * LOW HITPOINT WARNING * * *
The steam dragon closely misses you.
You closely miss the steam dragon.
You tail-slap the steam dragon, but do no damage.
The steam dragon is moderately wounded.
The steam dragon bites you.
* * * LOW HITPOINT WARNING * * *
The steam dragon barely misses you.
Unknown command.
You feel much better. The steam dragon breathes steam at you.
The ball of steam hits you!!
* * * LOW HITPOINT WARNING * * *
Unknown command.
You hit the steam dragon.
The steam dragon is heavily wounded.
The steam dragon breathes steam at you. The ball of steam hits you!!
You die...

..##+##.....+.....##'##.#..######
..#...#.....#.....#...#.........#
#+#...#'#.#####.#+#...#'#..####.#
#.......#.'...'.#....§..#..# #.#
###...#####...#####...###..# #.#
#.+...'.#.......#.'...+.#.#####.#
#.#####.#+#...#+#.#####..........
....#.....#...#§§..§# #########.#
....'.....##+##D@§§.+ #.#
....#.....# #§.§§.# #.#
#.#####.#+# #+#.### #.# #.+ +.#
#.+ #.# ### ### ### #.# # #.# #
..# ##


You could see a steam dragon (catching breath).

Vanquished Creatures
  An ogre (D:4)
  A centaur (D:6)
  3 necrophages
  2 scorpions (D:4)
  5 wights (D:6)
  2 hounds (D:5)
  4 orc priests
  Crazy Yiuf (D:2)
  Natasha (thrice) (D:3)
  3 iguanas
  4 gnolls (D:5)
  13 adders
  A white imp (D:6)
  2 dart slugs (D:1)
  15 orcs
  3 ball pythons
  11 endoplasms
  6 goblins
  10 hobgoblins
  10 jackals
  3 quokkas
  7 bats
  5 frilled lizards
  8 kobolds
  2 rats (D:1)
125 creatures vanquished.

Notes
Turn   | Place    | Note
-------+----------+-------------------------------------------
     0 | D:1      | tilp the Draconian Hedge Wizard began the quest for the
                  | Orb.
     0 | D:1      | Reached XP level 1. HP: 14/14 MP: 4/4
     2 | D:1      | Noticed a gargoyle
     2 | D:1      | Noticed a naga
     4 | D:1      | Noticed a tengu
     4 | D:1      | Noticed a dwarf
     6 | D:1      | Noticed a ghoul
     8 | D:1      | Noticed a vampire
     8 | D:1      | Noticed an octopode
    11 | D:1      | Noticed a human
    13 | D:1      | Noticed a demonspawn
    15 | D:1      | Noticed a demigod
    15 | D:1      | Noticed a spriggan
    17 | D:1      | Noticed a troll
    19 | D:1      | Noticed a formicid
    19 | D:1      | Noticed a merfolk
    21 | D:1      | Noticed an ogre
    21 | D:1      | Noticed a vine stalker
    23 | D:1      | Noticed an elf
    23 | D:1      | Noticed a felid
    25 | D:1      | Noticed a draconian
    27 | D:1      | Noticed a minotaur
   474 | D:1      | Found a faded altar of an unknown god.
   477 | D:1      | Reached XP level 2. HP: 22/22 MP: 6/6
   581 | D:1      | Reached skill level 1 in Fighting
  1029 | D:1      | Reached XP level 3. HP: 29/29 MP: 3/7
  1031 | D:1      | Learned a level 1 spell: Slow
  1034 | D:1      | Learned a level 2 spell: Blink
  1037 | D:1      | Learned a level 2 spell: Searing Ray
  1904 | D:2      | Found a shimmering blue altar of Sif Muna.
  2024 | D:2      | Became a worshipper of Sif Muna the Loreminder
  2313 | D:2      | Found a runed translucent door.
  2314 | D:2      | Noticed Crazy Yiuf
  2433 | D:2      | Killed Crazy Yiuf
  2434 | D:2      | Reached skill level 1 in Hexes
  2434 | D:2      | Reached XP level 4. HP: 37/37 MP: 2/8
  2782 | D:3      | Noticed Natasha
  2787 | D:3      | Killed Natasha
  2845 | D:3      | Reached XP level 5. HP: 42/42 MP: 9/9
  2880 | D:3      | Noticed Natasha
  2887 | D:3      | Killed Natasha
  2888 | D:3      | Reached skill level 1 in Staves
  2999 | D:3      | Noticed Natasha
  3004 | D:3      | Killed Natasha
  3196 | D:3      | Identified a scroll of acquirement
  3196 | D:3      | Acquired a +0 lajatang of speed
  3286 | D:4      | Reached XP level 6. HP: 51/51 MP: 5/10
  3367 | D:4      | Found a sparkling altar of Nemelex Xobeh.
  3377 | D:4      | Found Peuclischyapa's Jewellery Shop.
  3392 | D:4      | Bought a ring of see invisible for 150 gold pieces
  3478 | D:4      | Reached * piety under Sif Muna
  3621 | D:4      | Found an ancient bone altar of Kikubaaqudgha.
  4006 | D:5      | Entered Level 5 of the Dungeon
  4084 | D:5      | Reached skill level 1 in Evocations
  4084 | D:5      | Your scales start taking on a dull iron-grey colour.
  4084 | D:5      | Reached XP level 7. HP: 53/57 MP: 11/11
  4325 | D:5      | Reached skill level 1 in Invocations
  4426 | D:5      | Reached ** piety under Sif Muna
  4740 | D:6      | Found a shimmering altar of Xom.
  4870 | D:6      | Reached XP level 8. HP: 62/63 MP: 13/13
  4925 | D:6      | Found a staircase to the Ecumenical Temple.
  5241 | D:6      | Killed from afar by a steam dragon

Illustrated notes

Levels and vault maps discovered:
D:1:      kb_arrival_jail, layout_basic, ebering_ecumenical_altar_petrified
D:2:      layout_rooms, basic_altar, uniq_crazy_yiuf_cottage
D:3:      layout_rooms, uniq_natasha
D:4:      layout_cave_pools, nemelex_xobeh_ov_fountains_minmay,
          kiku_gazebo_pond_becter, serial_shops, shop,
          nicolae_elevator_lobby_asterisk
D:5:      layout_basic, st_stairs_4
D:6:      nicolae_cairo_tiling_large, layout_loops_ring,
          mainiacjoe_overflow_alcove_1, minmay_temple_entry_tees,
          minmay_misc_feat_nine_boxes, minmay_crystal_water

Skill      XL: |  1  2  3  4  5  6  7  8 |
---------------+-------------------------+-----
Stealth        | 2 |  2.8
Dodging        | 2 |  2.7
Fighting       | 1 2 3 |  3.6
Conjurations   | 2 3 4 |  4.9
Hexes          | 1 2 |  2.0
Staves         | 1 2 3 |  3.5
Translocations | 2 3 |  3.5
Evocations     | 1 2 |  2.6
Invocations    | 1 |  1.9
Spellcasting   | 4 |  4.0
Summonings     | |  1.0

Action                   |  1- 3 |  4- 6 |  7- 9 || total
-------------------------+-------+-------+-------++-------
Melee: Dagger            |    34 |       |       ||    34
       Tailslap          |     3 |    12 |    24 ||    39
       Quarterstaff      |       |    32 |       ||    32
       Lajatang          |       |    54 |   128 ||   182
 Cast: Magic Dart        |    57 |     2 |       ||    59
       Searing Ray       |    16 |     7 |     6 ||    29
       Slow              |     2 |       |       ||     2
  Use: Scroll            |     5 |    12 |     2 ||    19
       Potion            |       |       |     1 ||     1
 Stab: Sleeping          |     3 |     3 |     6 ||    12
Armor: Skin              |    18 |    26 |    51 ||    95
Dodge: Dodged            |    47 |    53 |    94 ||   194

Table legend: (Time is in decaauts)
 A = Elapsed time spent in this place.
 B = Non-inter-level travel time spent in this place.
 C = Inter-level travel time spent in this place.
 D = Time resting spent in this place.
 E = Time spent auto-exploring this place.
 F = Levels seen in this place.
 G = Mean time per level.
                   A        B        C        D        E       F      G
               +--------+--------+--------+--------+--------+-----+--------+
         Total |   5241 |   5115 |    126 |    184 |   4036 |   6 |  873.5 |
       Dungeon |   5241 |   5115 |    126 |    184 |   4036 |   6 |  873.5 |
               +--------+--------+--------+--------+--------+-----+--------+

Top non-repeatable levels by time:
     D:1: 1589 daAuts
     D:2: 1040 daAuts
     D:4: 772 daAuts
     D:5: 625 daAuts
     D:3: 624 daAuts
     D:6: 588 daAuts
